Map: Echo LE (Void)

Players

Javert - Winner!

  • Race: Zerg Zerg
  • League: Grandmaster

tanpopo

  • Race: Zerg Zerg
  • League: Grandmaster

VOD

Have the link to the VOD?

Description

Time

  • Played on: June 13, 2015, 5:54 p.m.
  • Length: 8:02
Show
View Real Time Build Order
Export as new Build Order

Javert Zerg - Winner!

Build Orders: Hatch First 

Get SALT Encoding   

  12  0:02  Drone  
  13  0:12  Overlord  
  13  0:18  Drone  
  14  0:30  Drone  
  14  0:31  Drone  
  16  0:49  Hatchery  
  15  0:53  Drone  
  15  0:55  Extractor  
  15  1:08  Spawning Pool  
  14  1:15  Drone x2  
  16  1:21  Drone  
  17  1:27  Drone  
  18  1:37  Overlord  
  18  1:55  Metabolic Boost  
  18  1:57  Queen  
  20  2:02  Queen  
  23  2:08  Zergling x2  
  23  2:09  Zergling x2  
  24  2:16  Zergling x4  
  24  2:20  Drone  
  27  2:27  Drone x2  
  29  2:33  Drone  
  30  2:50  Drone x3  
  33  3:00  Overlord  
  33  3:09  Baneling Nest  
  31  3:20  Drone x2  
  31  3:21  Drone x6  
  31  3:22  Drone x3  
  39  3:34  Overlord x2  
  39  3:46  Roach Warren  
  39  3:48  Evolution Chamber  
  37  3:53  Zergling x8  
  37  3:54  Spine Crawler  
  40  4:04  Drone  
  40  4:05  Drone x3  
  40  4:07  Extractor  
  43  4:19  Drone x5  
  43  4:24  Lair  
  48  4:38  Overlord  
  48  4:45  Drone x6, Extractor x2  
  53  4:52  Roach  
  54  4:59  Roach  
  60  5:00  Roach x6  
  60  5:05  Baneling x5  
  68  5:10  Overlord  
  67  5:20  Overlord x2  
  64  5:29  Roach x4  
  64  5:33  Zerg Missile Weapons Level 1  
  72  5:44  Drone x3  
  75  5:53  Roach  
  79  6:11  Hatchery, Roach  
  79  6:13  Glial Reconstitution  
  79  6:18  Evolution Chamber  
  77  6:19  Roach x6  
  77  6:20  Roach  
  91  6:27  Spore Crawler  
  91  6:31  Spore Crawler  
  89  6:45  Roach  
  89  6:46  Roach  
  91  7:03  Queen  
  73  7:36  Roach x3  
  73  7:37  Roach x9  
Show
View Real Time Build Order
Export as new Build Order

tanpopo Zerg 

Build Orders: Hatch First 

Get SALT Encoding   

  12  0:02  Drone  
  13  0:09  Drone  
  14  0:35  Hatchery  
  14  0:37  Drone  
  14  0:55  Spawning Pool  
  13  0:57  Drone  
  14  1:05  Drone, Extractor  
  14  1:11  Overlord  
  14  1:37  Drone x3  
  17  1:42  Queen  
  19  1:50  Queen  
  21  1:56  Zergling x2  
  21  2:01  Zergling x2  
  23  2:07  Metabolic Boost  
  23  2:12  Drone  
  24  2:17  Drone  
  25  2:23  Drone x2  
  25  2:25  Drone  
  28  2:39  Spine Crawler  
  26  2:46  Zergling x2  
  26  2:50  Overlord  
  27  2:53  Overlord  
  27  2:56  Zergling x2  
  28  3:22  Queen  
  30  3:32  Baneling Nest  
  30  3:33  Drone x7  
  36  3:53  Overlord x2  
  36  4:10  Queen  
  38  4:18  Zergling x6  
  38  4:19  Zergling x2  
  38  4:21  Hatchery  
  38  4:23  Baneling x3  
  38  4:24  Zergling x6  
  42  4:51  Queen  
  44  4:53  Drone  
  44  4:54  Drone x7  
  51  5:20  Overlord x3  
  47  5:31  Drone  
  47  5:32  Drone x3  
  47  5:33  Queen  
  53  5:37  Lair  
  53  5:41  Drone x4, Roach Warren  
  53  5:42  Extractor  
  55  5:44  Drone x2  
  55  5:48  Extractor x2  
  52  5:53  Zergling x2  
  52  5:54  Zergling x2  
  54  5:57  Zergling x2  
  54  5:59  Zergling x2  
  54  6:01  Spine Crawler  
  52  6:33  Roach  
  52  6:34  Roach x9  
  72  6:43  Roach  
  72  6:44  Roach x4  
  80  6:48  Roach  
  80  6:49  Roach  
  80  6:52  Zergling x2  
  80  6:54  Overlord x3  
  76  7:12  Roach x2  
  74  7:18  Roach  
  74  7:20  Roach  
  67  7:24  Roach  
  67  7:25  Zergling x12  
Tags
 
Add a new tag
Caveats
  • Supply blocks, unpowered buildings, or Contaminate may cause inaccurate times.
  • Supply counts are checked every 10 seconds.